Unix NetHack Version 5.0.0-0 post-release - last build May  4 2026 22:22:43 (774f63e81ad911689b3a0859ea89b322d5daca8d,branch:main).

Game began 2026-05-09 16:30:03, ended 2026-05-09 16:50:31.

31245981910, neutral female human Archeologist

         #
    -----.-----.--
   #...........d.|
   #|........@e..|
   #|........k....
   #|............|
   #|<......{....|
   #----------.---
   ##
    ###
      #
      #
      #
 ---- #
 |[!. #
 |!].|#
 |(?.-#
 -----

31245981910 the Field Worker  St:14 Dx:9 Co:13 In:13 Wi:15 Ch:11  Neutral
Dlvl:4  $:42 HP:0(27) Pw:12(12) AC:9  Xp:3 T:1766 

Latest messages:
 This door is locked.
 This door is locked.
 This door is locked.
 This door is locked.
 This door is locked.
 This door is locked.
 This door is locked.
 This door is locked.
 This door is locked.
 This door is locked.
 This door is locked.
 This door is locked.
 This door is locked.
 There is nothing here to pick up.
 This door is locked.
 In what direction? 8
 Thwack!!
 In what direction? 8
 Whammm!!
 In what direction? 8
 As you kick the door, it crashes open!
 In what direction? 8
 You kick at empty space.
 You hear the chime of a cash register.
 You find a hidden passage.
 You swap places with your little dog.
 You lash the floating eye.
 You are frozen by the floating eye's gaze!
 The little dog bites the floating eye.
 The little dog is frozen by the floating eye's gaze!
 You hear a gurgling noise.
 You can move again.
 You lash the floating eye.
 You lash the floating eye.
 You are frozen by the floating eye's gaze!
 You hear the chime of a cash register.
 You hear a door open.
 The little dog misses the floating eye.
 The little dog is frozen by the floating eye's gaze!
 The kobold lady hits!
 The kobold lady hits!
 The kobold lady hits!
 The kobold lady hits!
 The kobold lady hits!
 You die...
 Do you want your possessions identified? [ynq] (y) y
 Do you want to see your attributes? [ynq] (y) y
 Do you want an account of creatures vanquished? [ynaq] (y) y
 Do you want to see your conduct and achievements? [ynq] (y) y
 Do you want to see the dungeon overview? [ynq] (y) y

Inventory:
 Coins    ('$')
  $ - 42 gold pieces
 Weapons  (')')
  n - 11 cursed +0 arrows
  j - a cursed -2 orcish dagger
  a - a +2 bullwhip (weapon in right hand)
  k - a +0 flail
  s - a +0 flail
  q - a +0 two-handed sword
 Armor    ('[')
  c - an uncursed +0 fedora (being worn)
  b - an uncursed +0 leather jacket (being worn)
 Comestibles  ('%')
  d - 2 uncursed food rations
  o - an uncursed lembas wafer
  r - an uncursed tin of spinach
 Scrolls  ('?')
  l - an uncursed scroll of destroy armor
  u - a blessed scroll of fire
 Spellbooks  ('+')
  m - an uncursed spellbook of wizard lock
 Potions  ('!')
  p - a blessed potion of levitation
  v - a blessed potion of object detection
 Tools    ('(')
  h - an empty uncursed sack
  e - a +0 pick-axe (alternate weapon; not wielded)
  i - an uncursed tin opener
  f - a tinning kit (0:66)
 Gems/Stones  ('*')
  g - an uncursed touchstone

31245981910 the Archeologist's attributes:

Background:
 You were a Field Worker, a level 3 female human Archeologist.
 You were neutral, nominally on a mission for Camaxtli
 who was opposed by Quetzalcoatl (lawful) and Huhetotl (chaotic).
 You were right-handed.
 You were in the Dungeons of Doom, on level 4.
 You entered the dungeon 1766 turns ago.
 You had 53 experience points, 27 more were needed to attain level 4.

Basics:
 You had 0 out of 27 hit points.
 You had all 12 energy points (spell power).
 Your armor class was 9.
 Your wallet contained 42 zorkmids.
 Autopickup was off.

Final Characteristics:
 Your strength was 14 (limit:18/100).
 Your dexterity was 9 (limit:18).
 Your constitution was 13 (limit:18).
 Your intelligence was 13 (limit:18).
 Your wisdom was 15 (limit:18).
 Your charisma was 11 (limit:18).

Final Status:
 You weren't hungry.
 You were unencumbered.
 You were wielding a whip.
 You had basic skill with whip.

Final Attributes:
 You were devoutly aligned.
 You had automatic searching.
 You were lucky.
 You are dead.

Miscellaneous:
 You didn't encounter any bones levels.
 Total elapsed playing time was 20 minutes and 27 seconds.

Major events:
 Turn
    1: 31245981910 the neutral female human Archeologist entered the dungeon
 1192: attained the rank of Field Worker (level 3)
 1766: killed by a kobold lady, while frozen by a floating eye's gaze

You didn't know any spells.

Skills:
 Fighting Skills
   bare handed combat [Unskilled]
   two weapon combat  [Unskilled]
   riding             [Unskilled]
 Weapon Skills
   dagger             [Unskilled]
   knife              [Unskilled]
   pick-axe           [Basic]
   short sword        [Unskilled]
   saber              [Unskilled]
   club               [Unskilled]
   quarterstaff       [Unskilled]
   sling              [Unskilled]
   dart               [Unskilled]
   boomerang          [Unskilled]
   whip               [Basic]
   unicorn horn       [Unskilled]
 Spellcasting Skills
   attack spells      [Unskilled]
   healing spells     [Unskilled]
   divination spells  [Unskilled]
   matter spells      [Unskilled]

Voluntary challenges:
 Character rerolling was not enabled.
 You were an atheist.
 You never genocided any monsters.
 You never polymorphed an object.
 You never changed form.
 You used no wishes.
Achievements:
 You entered a shop.
 You attained the rank of Field Worker.

 The Dungeons of Doom: levels 1 to 4
    Level 1:
    Level 2:
       A scroll shop, a fountain, a grave.
    Level 3:
       A sink.
    Level 4: <- You were here.
       A general store, a sink.
       Final resting place for
          you, killed by a kobold lady, while frozen by a floating eye's gaze.


Vanquished creatures:
 an acid blob
  a coyote
  a brown mold
  3 geckos
  5 jackals
  4 goblins
  a sewer rat
  2 grid bugs
  2 lichens
  a kobold zombie
  5 newts
26 creatures vanquished.

No species were genocided or became extinct.

Game over:
                       ----------
                      /          \
                     /    REST    \
                    /      IN      \
                   /     PEACE      \
                  /                  \
                  |   31245981910    |
                  |      42 Au       |
                  |   killed by a    |
                  |   kobold lady    |
                  |                  |
                  |                  |
                  |       2026       |
                 *|     *  *  *      | *
        _________)/\\_//(\/(/\)/\//\/|_)_______

Goodbye 31245981910 the Archeologist...

You died in The Dungeons of Doom on dungeon level 4 with 400 points,
and 42 pieces of gold, after 1766 moves.
You were level 3 with a maximum of 27 hit points when you died.

